 Dungeon Crawl Stone Soup version 0.31.0-11-ge490571c62 (webtiles) character file.

Game seed: 15709259968057582818

45 shadizar the Digger (level 3, -1/21 HPs)
             Began as a Gargoyle Wanderer on Feb 3, 2024.
             Slain by a ribbon worm (4 damage)
             ... on level 2 of the Dungeon.
             The game lasted 00:01:23 (1734 turns).

shadizar the Digger (Gargoyle Wanderer)             Turns: 1734, Time: 00:01:24

Health: -1/21      AC: 12    Str: 14    XL:     3   Next: 64%
Magic:  6/6        EV:  6    Int: 21    God:
Gold:   65         SH:  0    Dex:  9    Spells: 6/6 levels left

rFire   . . .        a - +0 club
rCold   . . .        (no shield)
rNeg    + . .        l - +0 chain mail
rPois   ∞            (no helmet)
rElec   +            (no cloak)
rCorr   .            (no gloves)
SInv    .            f - +0 pair of boots
Will    .....        (no amulet) Stlth
                     h - +6 ring of intelligence
HPRegen 0.23/turn    (no ring)
MPRegen 0.10/turn

%: no passive effects
@: no status effects
A: sickness immunity, AC +3, negative energy resistance 1, electricity
resistance, torment resistance 1, petrification resistance
a: no special abilities


You were on level 2 of the Dungeon.
You visited 1 branch of the dungeon, and saw 2 of its levels.

You collected 65 gold pieces.

Inventory:

Hand Weapons
 a - a +0 club (weapon)
Armour
 c - a +0 robe
 f - a +0 pair of boots (worn)
 l - a +0 chain mail (worn)
Jewellery
 h - a +6 ring of intelligence (left hand)
Wands
 m - a wand of light (8)
Scrolls
 b - a scroll of fog
 d - a scroll of silence
 e - a scroll of revelation {unknown}
 g - a scroll of identify {unknown}
 j - a scroll of teleportation {unknown}
 k - a scroll of vulnerability {unknown}
Potions
 i - a potion of mutation {unknown}


   Skills:
 + Level 1.7 Fighting
 + Level 0.9 Maces & Flails
 + Level 1.2 Armour
 + Level 2.3 Spellcasting
 + Level 3.2 Fire Magic
 + Level 5.1 Earth Magic


You had 6 spell levels left.
You didn't know any spells.
Your spell library contained the following spells:

 Spells                   Type           Power      Damage    Failure   Level
 Sandblast                Erth           48%        2d12      32%         1
 Foxfire                  Conj/Fire      36%        2x1d5     80%         1
 Stone Arrow              Conj/Erth      26%        3d8       95%         3
 Volatile Blastmotes      Fire/Tloc      18%        2d11      99%         3
 Leda's Liquefaction      Alch/Erth      6%         N/A       100%        4


Dungeon Overview and Level Annotations

Branches:
Dungeon (2/15)

Altars:


Innate Abilities, Weirdness & Mutations

You are immune to sickness and miasma.
Your stone body is resilient. (AC +3)
You are immune to poison.
You resist negative energy. (rN+)
You are resistant to electric shocks. (rElec)
You are resistant to unholy torment.
You are immune to petrification.


Message History

You barely miss the ribbon worm.
The ribbon worm is lightly wounded.
The kobold hits you but does no damage.
The ribbon worm bites you but does no damage.
You completely miss the ribbon worm. The kobold hits you but does no damage.
The ribbon worm expels a string of sticky webbing.
The stream of webbing hits you but does no damage.
You are caught in a web!
You struggle to detach yourself from the web.
The kobold hits you but does no damage.
The web tears apart.
The ribbon worm bites you but does no damage.
The kobold hits you but does no damage.
You hit the ribbon worm.
The ribbon worm is moderately wounded.
The kobold hits you but does no damage. The ribbon worm bites you.
You hit the ribbon worm.
The ribbon worm is heavily wounded.
The kobold hits you but does no damage.
The ribbon worm bites you but does no damage.
You hit the ribbon worm.
The ribbon worm is heavily wounded.
The kobold closely misses you.
The ribbon worm bites you but does no damage.
The kobold closely misses you.
You barely miss the ribbon worm.
The ribbon worm is heavily wounded.
The ribbon worm expels a string of sticky webbing.
The stream of webbing hits you but does no damage.
You are caught in a web!
The kobold hits you with a +0 club.
You struggle to detach yourself from the web.
The kobold hits you with a +0 club. The ribbon worm bites you.
* * * LOW HITPOINT WARNING * * *
The web tears apart.
The kobold hits you with a +0 club.
* * * LOW HITPOINT WARNING * * *
The ribbon worm bites you but does no damage.
You hit the ribbon worm.
The ribbon worm is moderately wounded.
The kobold hits you but does no damage. The ribbon worm bites you.
You die...

..# #.# #.# #.# #
#### #.#.# ...#
#######.#.# ...#
......w.K.# ####
#######@###!# ..
............# ##
#######.#####
################.#
.............†...#
##################


You could see a ribbon worm (catching breath) and a kobold.

Vanquished Creatures
  An adder (D:2)
  3 dart slugs
  2 bats (D:1)
  3 endoplasms (D:1)
  A hobgoblin (D:1)
  5 kobolds
  A quokka (D:1)
  6 ball pythons
  8 rats
30 creatures vanquished.

Notes
Turn   | Place    | Note
-------+----------+-------------------------------------------
     0 | D:1      | shadizar the Gargoyle Wanderer began the quest for the Orb.
     0 | D:1      | shadizar set off with the following items: a +0 club, a
                  | scroll of fog, a +0 robe, a scroll of silence; and the
                  | following spells available to memorise: Sandblast, Foxfire,
                  | Stone Arrow, Volatile Blastmotes, Leda's Liquefaction.
     0 | D:1      | Reached XP level 1. HP: 12/12 MP: 3/3
   131 | D:1      | Reached XP level 2. HP: 16/16 MP: 5/5
   274 | D:1      | Found a faded altar of an unknown god.
   402 | D:1      | Reached skill level 5 in Earth Magic
  1230 | D:2      | Reached skill level 1 in Armour
  1230 | D:2      | Reached XP level 3. HP: 17/20 MP: 6/6
  1734 | D:2      | Slain by a ribbon worm

Illustrated notes

Levels and vault maps discovered:
D:1:      matt_arrival_los_fun, layout_loops_corners,
          shapermc_ecumenical_altar_petra, minmay_tree_intersection,
          minmay_stone_trees_medium, amcnicky_mini_corridor_feature
D:2:      layout_basic

Skill      XL: |  1  2 |
---------------+-------+-----
Earth Magic    | 5 |  5.1
Armour         | 1 |  1.2
Fighting       | |  1.7
Maces & Flails | |  0.9
Spellcasting   | |  2.3
Fire Magic     | |  3.2

Action                     || total
---------------------------++-------
  Melee: Club              ||   177
         Punch             ||     1
 Armour: Robe              ||    63
         Chain mail        ||   114
  Dodge: Dodged            ||    84
